 Dungeon Crawl Stone Soup version 0.27.1-34-g3ba077fa99 (webtiles) character file.

Game seed: 4784178689876839454

703 squill the Firebug (level 7, 0/52 HPs)
             Began as a Hill Orc Fire Elementalist on Jan 5, 2022.
             Slain by a gnoll sergeant (9 damage)
             ... on level 4 of the Dungeon on Jan 6, 2022.
             The game lasted 00:19:31 (5766 turns).

squill the Firebug (Hill Orc Fire Elementalist)     Turns: 5766, Time: 00:19:33

Health: 0/52       AC:  1    Str: 11    XL:     7   Next: 66%
Magic:  2/11       EV: 10    Int: 17    God:
Gold:   144        SH:  0    Dex: 11    Spells: 1/12 levels left

rFire    . . .     SeeInvis .   a - +0 war axe
rCold    . . .     Faith    .   (no shield)
rNeg     . . .     Spirit   .   g - +0 ring mail
rPois    .         Reflect  .   (no helmet)
rElec    .         Harm     .   (no cloak)
rCorr    .         Rampage  .   (no gloves)
Will     .....                  (no boots)
Stlth    +.........             (no amulet)
HPRegen  0.17/turn              (no ring)
MPRegen  0.12/turn              (no ring)

@: corroded, invisible
A: no striking features
a: no special abilities


You were on level 4 of the Dungeon.
You visited 1 branch of the dungeon, and saw 4 of its levels.

You collected 144 gold pieces.

Inventory:

Hand Weapons
 a - a +0 war axe (weapon)
 s - the +11 falchion "Giantslayer" {speed, Will++ Dex-5}
   (You found it on level 4 of the Dungeon)

   Attacks with this weapon are significantly faster.
   Dex:       It affects your dexterity (-5).
   Will:      It greatly increases your willpower.
Armour
 c - a +0 leather armour
 g - a +0 ring mail (worn)
Jewellery
 j - an amulet of faith
Wands
 n - a wand of mindburst (11)
 q - a wand of paralysis (9)
Scrolls
 b - a scroll of enchant weapon {unknown}
 d - a scroll of vulnerability {unknown}
 e - 2 scrolls of enchant armour {unknown}
 f - 2 scrolls of identify
 h - a scroll of silence {unknown}
 r - a scroll of teleportation {unknown}
 t - a scroll of blinking {unknown}
Potions
 i - a potion of heal wounds {unknown}
 k - 3 potions of mutation
 l - a potion of invisibility
 m - 2 potions of brilliance {unknown}
 o - a potion of ambrosia {unknown}
 p - a potion of curing {unknown}


   Skills:
 - Level 1.6 Fighting
 - Level 1.8 Axes
 - Level 3.0 Armour
 - Level 1.8 Dodging
 - Level 1.5 Stealth
 + Level 3.0 Spellcasting
 + Level 4.1 Conjurations
 - Level 1.6 Hexes
 + Level 5.5 Fire Magic


You had one spell level left.
You knew the following spells:

 Your Spells              Type           Power      Damage    Failure   Level
a - Foxfire               Conj/Fire      72%        2x1d7     5%          1
b - Conjure Flame         Conj/Fire      18%        6-21      17%         3
c - Inner Flame           Hex/Fire       14%        N/A       26%         3
d - Sticky Flame          Conj/Fire      18%        2d4       50%         4

Your spell library contained the following spells:

 Spells                   Type           Power      Damage    Failure   Level
 Beastly Appendage        Tmut           4%         N/A       36%         1
 Wereblood                Tmut           2%         N/A       52%         2
 Spider Form              Tmut/Pois      1%         N/A       75%         3
 Fireball                 Conj/Fire      9%         3d6       83%         5


Dungeon Overview and Level Annotations

Branches:
Dungeon (4/15)
 Temple: D:4-7

Altars:
Gozag
Ru

Shops:
D:1 ?   D:2 (


Message History

Your magical contamination has completely faded away.
Casting: Foxfire (safe; 5% risk of failure)
Confirm with . or Enter, or press ? or * to list all spells.
You conjure some foxfire!
The gnoll sergeant hits you from afar with a +0 spear.
The foxfire hits the gnoll sergeant.
The gnoll sergeant is lightly wounded.
The foxfire hits the hobgoblin.
The hobgoblin is heavily wounded.
Casting: Foxfire (safe; 5% risk of failure)
Confirm with . or Enter, or press ? or * to list all spells.
You conjure some foxfire!
The gnoll sergeant hits you from afar with a +0 spear.
The hobgoblin hits you.
* * * LOW HITPOINT WARNING * * *
The foxfire hits the hobgoblin.
You kill the hobgoblin!
The foxfire hits the gnoll sergeant.
The gnoll sergeant is moderately wounded.
Casting: Foxfire (safe; 5% risk of failure)
Confirm with . or Enter, or press ? or * to list all spells.
You conjure some foxfire!
The gnoll sergeant hits you from afar with a +0 spear.
* * * LOW HITPOINT WARNING * * *
The foxfire hits the gnoll sergeant but does no damage.
The gnoll sergeant is moderately wounded.
The foxfire hits the gnoll sergeant but does no damage.
The gnoll sergeant is moderately wounded.
Casting: Foxfire (safe; 5% risk of failure)
Confirm with . or Enter, or press ? or * to list all spells.
You conjure some foxfire!
The gnoll sergeant hits you from afar with a +0 spear.
* * * LOW HITPOINT WARNING * * *
You fade into invisibility!
The foxfire hits the gnoll sergeant.
The gnoll sergeant is heavily wounded.
The foxfire hits the gnoll sergeant.
The gnoll sergeant is heavily wounded.
The gnoll sergeant hits you from afar with a +0 spear!
You die...

#.#######.## #.# #...
############# #.# ####
#....##.....# #.# #.##.##+###.###
#.# #### #.##.#........#####.#
#... #.##.#........#.....# #.##
#....'....(...#.##### #.#.
#.#####.#.....g.@#.# #.#.
#.#.....######.###.###########.#.
#.#.###........................(.
#.#.###.######.###.....#######.#.
......#.# #.# #####.# #.#.
....#.#.######.#######.### #.##
#...#.#>..........†..)...# #.##
......#.######.........#.## #...
##....#.# ###########..# ####


You could see a gnoll sergeant.

Vanquished Creatures
  Grinder (D:4)
  A scorpion (D:4)
  2 jellies (D:4)
  2 iguanas
  Ijyb (D:3)
  12 gnolls
  11 adders
  A worm (D:2)
  4 dart slugs
  2 orcs
  An endoplasm (D:1)
  5 giant cockroaches
  7 hobgoblins
  9 jackals
  13 kobolds
  5 quokkas
  14 ball pythons
  4 bats
  4 frilled lizards
  8 goblins
  4 rats
111 creatures vanquished.

Vanquished Creatures (others)
  232 foxfires
  A plant (D:2)
233 creatures vanquished.

Grand Total: 344 creatures vanquished

Notes
Turn   | Place    | Note
-------+----------+-------------------------------------------
     0 | D:1      | squill the Hill Orc Fire Elementalist began the quest for
                  | the Orb.
     0 | D:1      | Reached XP level 1. HP: 14/14 MP: 3/3
   252 | D:1      | Found Gihot's Magic Scroll Boutique.
   326 | D:1      | Reached XP level 2. HP: 15/20 MP: 1/4
  1636 | D:1      | Reached XP level 3. HP: 26/26 MP: 3/6
  1894 | D:2      | Reached skill level 1 in Armour
  2014 | D:2      | Reached XP level 4. HP: 29/33 MP: 5/7
  2018 | D:2      | Learned a level 3 spell: Conjure Flame
  2195 | D:2      | Found Geympuank's Weapon Shoppe.
  2311 | D:2      | Found a faded altar of an unknown god.
  2914 | D:2      | Reached skill level 4 in Fire Magic
  2914 | D:2      | Reached XP level 5. HP: 38/38 MP: 3/9
  3909 | D:3      | Reached XP level 6. HP: 45/45 MP: 6/10
  4016 | D:3      | HP: 1/45 [adder (4)]
  4322 | D:3      | Noticed Ijyb
  4325 | D:3      | Killed Ijyb
  4746 | D:4      | Reached skill level 1 in Axes
  4852 | D:4      | Reached skill level 1 in Fighting
  4899 | D:4      | Identified the +11 falchion "Giantslayer" {speed, Will++
                  | Dex-5}
  4954 | D:4      | Reached XP level 7. HP: 52/52 MP: 8/11
  4958 | D:4      | Learned a level 3 spell: Inner Flame
  4963 | D:4      | Learned a level 4 spell: Sticky Flame
  5143 | D:4      | Noticed Grinder
  5455 | D:4      | Paralysed by Grinder for 3 turns
  5459 | D:4      | Killed Grinder
  5460 | D:4      | Reached skill level 1 in Hexes
  5460 | D:4      | Reached skill level 5 in Fire Magic
  5664 | D:4      | Found a sacrificial altar of Ru.
  5665 | D:4      | Found an opulent altar of Gozag.
  5766 | D:4      | Slain by a gnoll sergeant

Illustrated notes

Levels and vault maps discovered:
D:1:      matt_arrival_spirals, layout_loops_corners, serial_shops, shop,
          chequers_serial_rivers_large_b
D:2:      layout_basic, serial_shops, shop, shapermc_ecumenical_altar_ellora,
          nrook_uturn, minmay_pentomino_pile
D:3:      layout_rooms, minmay_snake_closets, uniq_ijyb
D:4:      layout_basic, minitemple, minmay_fractal_squares_5, uniq_grinder

Skill      XL: |  1  2  3  4  5  6  7 |
---------------+----------------------+-----
Spellcasting   | 2 3 |  3.0
Armour         | 1 2 3 |  3.0
Conjurations   | 2 3 4 |  4.1
Fire Magic     | 4 5 |  5.5
Axes           | 1 |  1.8
Fighting       | 1 |  1.6
Hexes          | 1 |  1.6
Dodging        | |  1.8
Stealth        | |  1.5

Action                   |  1- 3 |  4- 6 |  7- 9 || total
-------------------------+-------+-------+-------++-------
Melee: Short sword       |    43 |       |       ||    43
       War axe           |    34 |   103 |    18 ||   155
 Cast: Foxfire           |    40 |    76 |    26 ||   142
       Conjure Flame     |       |       |     2 ||     2
Evoke: Wand              |       |     2 |       ||     2
  Use: Scroll            |       |     1 |       ||     1
       Potion            |       |     1 |     1 ||     2
 Stab: Sleeping          |       |     1 |       ||     1
Armor: Robe              |     9 |       |       ||     9
       Leather armour    |    23 |     9 |       ||    32
       Ring mail         |       |    47 |     2 ||    49
Dodge: Dodged            |    78 |    89 |    16 ||   183
